 Dungeon Crawl Stone Soup version 0.28.0 (console) character file.

Game seed: 10958995654900948912

293217 isthmus the Imperceptible (level 20, -13/102 HPs)
             Began as a Spriggan Cinder Acolyte on Feb 8, 2022.
             Was an Elder of Ignis.
             Killed from afar by a deep elf sorcerer (48 damage)
             ... with damnation
             ... on level 3 of the Elven Halls on Feb 10, 2022.
             The game lasted 08:52:50 (91871 turns).

isthmus the Imperceptible (SpCA)                   Turns: 91871, Time: 08:52:50

Health: -13/102    AC: 16    Str: 10    XL:     20   Next: 34%
Magic:  6/41       EV: 28    Int: 20    God:    Ignis [****..]
Gold:   616        SH: 11    Dex: 17    Spells: 7/52 levels left

rFire   + + +      SeeInvis +   a - +2 rapier (protect)
rCold   + . .      Faith    .   v - +3 buckler
rNeg    . . .      Spirit   .   e - +2 robe {rC+ rF+}
rPois   +          Reflect  .   Z - +2 hat
rElec   +          Harm     .   Q - +5 cloak of the Lily {rElec}
rCorr   +          Rampage  .   (gloves unavailable)
Will    ++++.                   (boots unavailable)
Stlth   ++++++++..              Y - amulet of Zariepne {rPois Will+ Regen+ rCorr Dex+2}
HPRegen 1.07/turn               x - +4 ring of protection
MPRegen 0.27/turn               W - ring of protection from fire

@: studying Maces & Flails, very quick
A: very small, no large weapons, unfitting armour, see invisible, speed 3
}: 1/15 runes: serpentine
a: Renounce Religion, Fiery Armour, Foxfire Swarm


You were on level 3 of the Elven Halls.
You worshipped Ignis.
Ignis was greatly pleased with you.
You visited 9 branches of the dungeon, and saw 40 of its levels.
You also visited: Gauntlet, Ice Cave and Desolation.

You collected 4757 gold pieces.
You spent 4141 gold pieces at shops.

Inventory:

Hand Weapons
 a - a +2 rapier of protection (weapon)
 h - a +3 rapier of holy wrath
Missiles
 p - 25 boomerangs (quivered)
 w - 3 silver boomerangs
 K - 11 curare-tipped darts
 O - 9 atropa-tipped darts
 R - 2 boomerangs of dispersal
Armour
 e - a +2 robe of resistance (worn)
 v - a +3 buckler (worn)
 Q - the +5 cloak of the Lily (worn) {rElec}
   (You bought it in a shop on level 1 of the Snake Pit)

   rElec:     It insulates you from electricity.
 Z - a +2 hat (worn)
Jewellery
 f - a +6 ring of strength
 x - a +4 ring of protection (left hand)
 y - a ring of flight
 D - a ring of protection from cold
 W - a ring of protection from fire (right hand)
 Y - the amulet of Zariepne (around neck) {rPois Will+ Regen+ rCorr Dex+2}
   (You acquired it on level 3 of the Snake Pit)

   [amulet of regeneration]

   Dex:       It affects your dexterity (+2).
   rPois:     It protects you from poison.
   Regen:     It increases your rate of health regeneration.
   rCorr:     It protects you from acid and corrosion.
   Will:      It increases your willpower.
Wands
 j - a wand of polymorph (16)
 r - a wand of charming (1)
 z - a wand of flame (66)
 C - a wand of digging (5)
 G - a wand of mindburst (12)
 H - a wand of paralysis (10)
Scrolls
 k - a scroll of silence
 l - 2 scrolls of fear
 n - 3 scrolls of summoning
 s - 2 scrolls of magic mapping
 I - 11 scrolls of identify
 N - 8 scrolls of teleportation
Potions
 c - 4 potions of heal wounds
 d - a potion of ambrosia
 g - 2 potions of berserk rage
 i - 15 potions of curing
 m - 3 potions of magic
 o - a potion of flight
 q - 5 potions of might
 t - 4 potions of haste
 u - a potion of cancellation
 V - a potion of invisibility
 X - 6 potions of brilliance
Miscellaneous
 B - a lightning rod (4/4)
 E - a condenser vane
 J - a phial of floods
 M - a phantom mirror


   Skills:
 + Level 10.3 Fighting
 + Level 13.7 Short Blades
 - Level 4.0 Throwing
 + Level 16.3 Dodging
 + Level 21.8 Stealth
 + Level 6.0 Shields
 + Level 16.5 Spellcasting
 - Level 6.4 Conjurations
 + Level 11.9 Hexes
 + Level 16.8 Translocations
 - Level 7.0 Transmutations
 - Level 5.0 Fire Magic
 - Level 4.1 Ice Magic
 - Level 5.0 Air Magic
 - Level 10.1 Poison Magic
 - Level 10.4 Evocations


You had 7 spell levels left.
You knew the following spells:

 Your Spells              Type           Power      Damage    Failure   Level
a - Scorch                Fire           72%        2d9       1%          2
b - Ensorcelled Hibernat  Hex/Ice        96%        N/A       1%          2
c - Mephitic Cloud        Conj/Pois/Air  45%        N/A       1%          3
d - Conjure Flame         Conj/Fire      39%        6-21      1%          3
g - Gell's Gravitas       Tloc           71%        N/A       1%          3
i - Tukima's Dance        Hex            59%        N/A       1%          3
k - Iskenderun's Mystic   Conj/Tloc      58%        2d12      1%          4
l - Lesser Beckoning      Tloc           71%        N/A       1%          3
o - Teleport Other        Tloc           71%        N/A       1%          3
p - Fulminant Prism       Conj/Hex       26%        3d14      1%          4
q - Blink                 Tloc           100%       N/A       0%          2
r - Dispersal             Tloc           35%        N/A       1%          6
t - Olgreb's Toxic Radia  Pois           55%        N/A       1%          4
z - Ozocubu's Armour      Ice            33%        N/A       3%          3

Your spell library contained the following spells:

 Spells                   Type           Power      Damage    Failure   Level
 Apportation              Tloc           100%       N/A       0%          1
 Foxfire                  Conj/Fire      100%       2x1d9     1%          1
 Magic Dart               Conj           100%       1d8       1%          1
 Wereblood                Tmut           44%        N/A       1%          2
 Inner Flame              Hex/Fire       50%        N/A       1%          3
 Portal Projectile        Hex/Tloc       100%       N/A       1%          3
 Spider Form              Tmut/Pois      50%        N/A       1%          3
 Manifold Assault         Tloc           71%        N/A       1%          5
 Passwall                 Tmut/Erth      25%        N/A       2%          2
 Swiftness                Air            36%        N/A       2%          3
 Anguish                  Hex/Necr       20%        N/A       5%          4
 Alistair's Intoxication  Tmut/Pois      33%        N/A       5%          5
 Flame Wave               Conj/Fire      39%        2d9       6%          4
 Animate Skeleton         Necr           32%        N/A       7%          1
 Summon Small Mammal      Summ           64%        N/A       7%          1
 Call Imp                 Summ           16%        N/A       10%         2
 Sublimation of Blood     Necr           16%        N/A       10%         2
 Blade Hands              Tmut           22%        N/A       11%         5
 Fireball                 Conj/Fire      19%        3d9       17%         5
 Eringya's Noxious Bog    Tmut/Pois      25%        N/A       30%         6
 Enfeeble                 Hex            29%        N/A       38%         7
 Animate Dead             Necr           8%         N/A       54%         4
 Starburst                Conj/Fire      19%        6d7       67%         6
 Borgnjor's Vile Clutch   Necr/Erth      8%         N/A       88%         5
 Excruciating Wounds      Necr           8%         N/A       88%         5
 Lee's Rapid Deconstruct  Erth           8%         3d8*      88%         5
 Haunt                    Necr/Summ      8%         N/A       100%        7
 Ozocubu's Refrigeration  Ice            16%        4d8       100%        7
 Summon Hydra             Summ           8%         N/A       100%        7
 Ignition                 Fire           18%        3d7       100%        8
 Infestation              Necr           8%         N/A       100%        8


Dungeon Overview and Level Annotations

Branches:
Dungeon (15/15)            Temple (0/1) D:4            Lair (6/6) D:8
  Swamp (4/4) Lair:3        Snake (4/4) Lair:4        Slime (0/5) Lair:6
    Orc (2/2) D:11            Elf (3/3) Orc:2        Vaults (4/5) D:14
  Crypt (1/3) Vaults:3     Depths (1/4) D:15          IceCv (visited)
Desolation (visited)      Gauntlet (visited)

Altars:
Cheibriados
Fedhas
Hepliaklqana
Makhleb
Nemelex Xobeh
Sif Muna
Beogh

Shops:
D:8 [   Orc:2 (*[=*   Elf:1 :   Elf:2 (   Snake:1 [[((!   Snake:2 *   Snake:3 ?
Vaults:3 :!*

Portals:
Trove: D:10 (give 8 scrolls of blinking)

Annotations:
Lair:1 exclusion: 2 oklob plants, Gastronok
Lair:5 exclusion: oklob plant
Elf:2 3 runed translucent doors, exclusion: 3 doors
Vaults:2 !bai suzhen, Bai Suzhen
Vaults:4 !too many war gargoyles
Vaults:5 !not yet


Innate Abilities, Weirdness & Mutations

You are very small and have problems with some larger weapons.
You are too small for most types of armour.
You have supernaturally acute eyesight. (SInv)
You cover ground extremely quickly. (Speed+++)


Message History

Confirm with . or Enter, or press ? or * to list all spells.
Aiming: Gell's Gravitas (safe; 1% risk of failure)
Press: ? - help, Dir - move target Gravity reorients around empty space.
The deep elf archer collides with the deep elf sorcerer!
The deep elf sorcerer is severely wounded.
The deep elf archer is severely wounded.
The deep elf zephyrmancer collides with the deep elf sorcerer!
The deep elf sorcerer is severely wounded.
You kill the deep elf zephyrmancer!
The deep elf sorcerer gestures at you while chanting.
The sphere of damnation explodes!
The damnation engulfs you!!
You hear a shout! x3
Casting: Gell's Gravitas (safe; 1% risk of failure)
Confirm with . or Enter, or press ? or * to list all spells.
Aiming: Gell's Gravitas (safe; 1% risk of failure)
Press: ? - help, Dir - move target, f - deep elf archer
Aim: a deep elf archer, wielding a +0 longbow, wearing a +0 leather armour and quivering arrows (heavily wounded, repelling missiles) Gravity reorients around the deep elf archer.
The deep elf sorcerer collides with the deep elf archer!
The deep elf archer is severely wounded.
The deep elf sorcerer is almost dead.
The deep elf sorcerer mumbles some strange words.
The deep elf sorcerer seems to speed up.
The deep elf archer shoots an arrow.
The arrow hits you.
Casting: Gell's Gravitas (safe; 1% risk of failure)
Confirm with . or Enter, or press ? or * to list all spells.
You begin to radiate toxic energy.
The deep elf sorcerer is poisoned.
The deep elf archer is poisoned.
The deep elf archer gestures wildly while chanting.
The deep elf archer blinks!
The deep elf sorcerer points at you and mumbles some strange words.
The sphere of damnation explodes!
The damnation engulfs you!!!
* * * LOW HITPOINT WARNING * * *
Your toxic aura wanes.
As you read the scroll of fog, it crumbles to dust.
The scroll dissolves into smoke.
The deep elf sorcerer casts a spell at you.
The sphere of damnation explodes!
The damnation engulfs you!!!
You die...

######################
......................
..........)..........
....................
#...#######'##########
#...#................#
#...#................#.
#..<'§§§.....e.......#.
#...#§@§.............#.
+...#§§§.######'#....#.
#...#....#......#....+
#...#....#......#....#
#...#....#......#....#
#...#....#......#....#
#...#....#......#e...#.
#...#....#......#....#.
#...# #......#.[..#.
+...# #......#....#.
#......#....+.


You could see a deep elf sorcerer (fast).

Vanquished Creatures
  Saint Roka (Orc:2)
  Nikola (Vaults:2)
  A lich (Vaults:3)
  3 sphinxes
  A tengu reaver (D:11)
  A fire giant (D:11)
  A fenstrider witch (Swamp:3)
  A frost giant (D:14)
  6 nagarajas
  A deep elf sorcerer (Orc:2)
  8 vault wardens
  2 orc warlords
  A deep elf elementalist (Elf:1)
  4 very ugly things
  10 ironbound preservers
  4 ironbound thunderhulks (Vaults:3)
  An eleionoma (Swamp:3)
  3 bunyips
  2 ettins (Orc:1)
  Josephine (D:12)
  3 ragged hierophants
  3 great orbs of eyes
  9 yaktaur captains
  2 vault guards (Vaults:1)
  4 salamander tyrants
  The ghost of Rademme the Blocker, a journeyman GnFi of Jiyva (D:11)
  13 hydras
  A spriggan air mage (D:15)
  13 naga warriors
  An ogre mage (Orc:2)
  7 boulder beetles
  15 anacondas
  A peacekeeper (Desolation)
  6 ironbound frosthearts
  Erica (D:11)
  5 two-headed ogres
  4 catoblepae
  15 centaur warriors
  4 alligator snapping turtles (Snake:4)
  6 alligators
  A vampire mage (D:15)
  3 tengu warriors
  15 death yaks
  30 dancing weapons
  Urug (D:11)
  3 orc high priests
  12 naga sharpshooters
  Sonja (Lair:4)
  5 shock serpents
  7 deep elf knights
  10 skeletal warriors
  2 glowing orange brains
  3 salamander mystics
  4 spriggan druids
  4 goliath frogs
  9 naga ritualists
  A death drake (Swamp:4)
  35 deep trolls
  A phantasmal warrior (Vaults:3)
  5 sea snakes
  7 deep elf archers
  An orb spider (shapeshifter) (Vaults:4)
  A swamp dragon (Swamp:1)
  3 necromancers
  2 bog bodies
  7 wizards
  9 ironbound convokers
  A spriggan simulacrum (IceCv)
  A harpy (shapeshifter) (D:13)
  8 lindwurms
  Pikel (D:6)
  15 deep elf zephyrmancers
  A frost giant zombie (D:15)
  18 mana vipers
  3 orc sorcerers (Orc:2)
  18 deep elf pyromancers
  10 orc knights
  A human zombie (Vaults:4)
  3 will-o-the-wisps
  7 cyclopes
  4 manticores
  8 ugly things
  16 salamanders
  27 naga magi
  37 black mambas
  4 elephants
  A moth of wrath (shapeshifter) (D:12)
  A frost giant skeleton (D:15)
  11 vault sentinels
  A water nymph (shapeshifter) (D:14)
  2 gargoyles (D:12)
  Maurice (D:7)
  3 guardian serpents
  13 cane toads
  3 unseen horrors
  A torpor snail (Lair:4)
  46 yaktaurs
  2 rime drakes (Lair:5)
  11 komodo dragons
  Maggie (D:6)
  An ice devil (IceCv)
  4 freezing wraiths
  3 efreet
  An entropy weaver simulacrum (IceCv)
  A meliai (shapeshifter) (D:14)
  3 trolls
  A bloated husk (Swamp:3)
  2 polar bears (Lair:2)
  7 tyrant leeches
  Prince Ribbit (Lair:1)
  9 hornets
  A troll (shapeshifter) (Elf:1)
  6 blink frogs
  10 saltlings
  21 slime creatures
  2 snapping turtles (Snake:4)
  18 dream sheep
  2 ettin zombies (D:15)
  A raiju (shapeshifter) (D:14)
  2 centaur simulacra
  3 vampires
  6 air elementals
  A dire elephant simulacrum (IceCv)
  9 spriggans
  A deep troll skeleton (Vaults:4)
  2 shadows
  6 wyverns
  6 wraiths
  6 water elementals
  An elf zombie (Vaults:4)
  2 basilisks
  21 yaks
  7 fire elementals
  Grum (D:8)
  A minotaur simulacrum (IceCv)
  3 wargs
  A harpy simulacrum (IceCv)
  12 vampire mosquitoes
  58 nagas
  An acid dragon (D:11)
  12 swamp worms
  6 water moccasins
  A meliai simulacrum (D:11)
  2 black bears
  25 orc warriors
  A hornet zombie (D:8)
  3 swamp drakes (Swamp:2)
  15 boggarts
  12 ogres
  A necrophage (D:7)
  2 wolves (D:7)
  13 centaurs
  3 lemures (D:6)
  2 phantoms (D:6)
  A human skeleton (Vaults:4)
  2 kobold brigands
  9 bullfrogs
  Blork the orc (Orc:2)
  A scorpion (D:7)
  2 earth elementals
  A water moccasin skeleton (D:5)
  A hornet simulacrum (D:11)
  A lindwurm simulacrum (IceCv)
  6 killer bees (D:11)
  7 wights
  4 electric eels
  7 howler monkeys
  3 centaur zombies
  4 gnoll shamans
  3 hounds
  4 jellies
  15 orc priests
  Crazy Yiuf (D:6)
  22 orc wizards
  A killer bee zombie (D:8)
  A hound skeleton (D:5)
  2 howler monkey skeletons
  A howler monkey zombie (D:9)
  2 adders (D:5)
  23 gnolls
  2 ufetubi
  An adder skeleton (D:4)
  2 dart slugs
  68 orcs
  6 endoplasms
  3 giant cockroaches
  5 goblins
  4 hobgoblins
  4 jackals (D:3)
  13 kobolds
  3 quokkas
  5 ball pythons
  8 bats
  2 frilled lizards (D:3)
  4 rats
  A butterfly (Lair:6)
1227 creatures vanquished.

Vanquished Creatures (collateral kills)
  An ironbound preserver (Vaults:3)
  A yaktaur captain (Vaults:1)
  2 centaur warriors (Vaults:1)
  A dancing weapon (Elf:2)
  2 freezing wraiths (IceCv)
  3 yaktaurs
  An orc wizard (Orc:2)
  An orc (Orc:1)
12 creatures vanquished.

Vanquished Creatures (others)
  A very ugly thing (Vaults:4)
  A spriggan simulacrum (IceCv)
  4 bloated husks
  An air elemental (Elf:1)
  8 dancing weapons
  A swamp worm (Swamp:3)
  6 foxfires
  40 fulminant prisms
  45 fungi
  82 plants
  9 toadstools (Lair:5)
  9 withered plants (D:15)
207 creatures vanquished.

Grand Total: 1446 creatures vanquished

Notes
Turn   | Place    | Note
-------+----------+-------------------------------------------
     0 | D:1      | isthmus the Spriggan Cinder Acolyte began the quest for the
                  | Orb.
     0 | D:1      | Reached XP level 1. HP: 11/11 MP: 3/3
   342 | D:1      | Reached skill level 1 in Stealth
   646 | D:1      | Reached XP level 2. HP: 13/16 MP: 5/5
   655 | D:1      | Learned a level 2 spell: Scorch
   702 | D:1      | Reached skill level 2 in Stealth
  1683 | D:2      | Reached XP level 3. HP: 19/19 MP: 1/6
  2093 | D:2      | Reached skill level 1 in Dodging
  2242 | D:2      | Reached skill level 3 in Stealth
  2250 | D:2      | Found a faded altar of an unknown god.
  2300 | D:2      | Reached XP level 4. HP: 23/23 MP: 6/8
  2692 | D:5      | Entered Level 5 of the Dungeon
  2870 | D:3      | Reached XP level 5. HP: 26/27 MP: 5/10
  4128 | D:4      | Found a staircase to the Ecumenical Temple.
  4271 | D:4      | Reached skill level 4 in Stealth
  4532 | D:4      | Reached skill level 5 in Short Blades
  4532 | D:4      | Reached XP level 6. HP: 32/32 MP: 3/12
  4819 | D:4      | Learned a level 4 spell: Olgreb's Toxic Radiance
  5091 | D:4      | Reached skill level 1 in Poison Magic
  5205 | D:5      | Reached XP level 7. HP: 35/35 MP: 9/14
  5523 | D:5      | Reached skill level 5 in Stealth
  6222 | D:6      | Found a runed translucent door.
  6223 | D:6      | Noticed Crazy Yiuf
  6445 | D:6      | Reached skill level 5 in Spellcasting
  6673 | D:6      | Noticed Pikel
  6805 | D:6      | Noticed Maggie
  6883 | D:6      | Found a burning altar of Makhleb.
  6966 | D:6      | Found a snail-covered altar of Cheibriados.
  7055 | D:8      | Noticed a yak
  7055 | D:8      | Noticed a yak
  7055 | D:8      | Noticed a yak
  7074 | D:7      | Noticed a wyvern
  7083 | D:7      | Killed a wyvern
  7084 | D:7      | Reached XP level 8. HP: 39/39 MP: 17/17
  7095 | D:7      | Learned a level 3 spell: Teleport Other
  7304 | D:7      | Reached skill level 1 in Translocations
  7419 | D:7      | Reached skill level 6 in Stealth
  8149 | D:8      | Found Poeq's Antique Armour Shop.
  8467 | D:8      | Found a sparkling altar of Nemelex Xobeh.
  8471 | D:8      | Noticed Maurice
  8545 | D:8      | Bought a buckler for 99 gold pieces
  8647 | D:8      | Noticed Grum
  8648 | D:8      | Found a staircase to the Lair.
  9018 | D:8      | Killed Grum
  9019 | D:8      | Reached skill level 5 in Dodging
  9019 | D:8      | Reached skill level 1 in Shields
  9019 | D:8      | Reached XP level 9. HP: 44/44 MP: 10/20
  9654 | D:8      | Reached skill level 7 in Stealth
  9710 | Lair:1   | Entered Level 1 of the Lair of Beasts
 10317 | D:8      | Reached skill level 8 in Stealth
 11722 | D:9      | Reached XP level 10. HP: 49/49 MP: 21/23
 11748 | D:9      | Noticed a two-headed ogre
 11791 | D:9      | Killed a two-headed ogre
 11792 | D:9      | Reached skill level 9 in Stealth
 12796 | D:10     | Entered Level 10 of the Dungeon
 13022 | D:7      | Killed Maurice
 13409 | D:11     | Noticed Urug
 13513 | D:10     | Found a portal to a secret trove of treasure.
 13554 | D:10     | Reached skill level 1 in Throwing
 13554 | D:10     | Reached skill level 10 in Stealth
 13868 | Lair:1   | Learned a level 3 spell: Conjure Flame
 13875 | Lair:1   | Noticed Prince Ribbit
 13922 | Lair:1   | Reached skill level 5 in Translocations
 13922 | Lair:1   | Reached skill level 5 in Poison Magic
 13926 | Lair:1   | Killed Prince Ribbit
 14113 | Lair:1   | Noticed an oklob plant
 14359 | Lair:1   | Noticed a six-headed hydra
 14360 | Lair:1   | Noticed Gastronok
 14931 | Lair:1   | Reached skill level 11 in Stealth
 15065 | Lair:1   | Killed a six-headed hydra
 15066 | Lair:1   | Reached XP level 11. HP: 53/53 MP: 11/24
 15546 | Lair:1   | Noticed an oklob plant
 15745 | Lair:2   | Noticed a four-headed hydra
 15828 | Lair:2   | Reached skill level 1 in Evocations
 16216 | Lair:2   | Reached skill level 10 in Short Blades
 16622 | Lair:2   | Noticed a seven-headed hydra
 16728 | Lair:2   | Reached skill level 12 in Stealth
 17353 | Lair:3   | Noticed a death yak
 17500 | D:11     | Noticed a boulder beetle
 17518 | D:11     | Killed a boulder beetle
 17539 | D:11     | Noticed a purple ugly thing
 17546 | D:11     | Killed a purple ugly thing
 17773 | D:11     | Noticed a boulder beetle
 17790 | D:11     | Killed a boulder beetle
 17833 | D:11     | Found a staircase to the Orcish Mines.
 18017 | D:11     | Learned a level 3 spell: Gell's Gravitas
 18288 | Orc:1    | Entered Level 1 of the Orcish Mines
 18298 | Orc:2    | Entered Level 2 of the Orcish Mines
 18298 | Orc:2    | Found Ihekis's Assorted Antiques.
 18303 | Orc:2    | Bought a scroll of teleportation for 114 gold pieces
 18303 | Orc:2    | Bought a sedimented cyan potion for 34 gold pieces
 18303 | Orc:2    | Bought a puce potion for 34 gold pieces
 18303 | Orc:2    | Bought a lead wand for 152 gold pieces
 18303 | Orc:2    | Bought a scroll of identify for 76 gold pieces
 18472 | Lair:3   | Found a staircase to the Swamp.
 18487 | Lair:3   | Noticed a death yak
 18490 | Lair:3   | Noticed a death yak
 18537 | Lair:3   | Killed a death yak
 18548 | Lair:3   | Killed a death yak
 18549 | Lair:3   | Reached XP level 12. HP: 51/59 MP: 1/26
 18687 | Lair:3   | Reached skill level 10 in Spellcasting
 18939 | Lair:3   | Killed a death yak
 19314 | Lair:5   | Reached skill level 5 in Fighting
 19320 | Lair:5   | Noticed a catoblepas
 19386 | Lair:5   | Killed a catoblepas
 19492 | Lair:4   | Noticed a six-headed hydra
 19497 | Lair:4   | Killed a six-headed hydra
 19537 | Lair:4   | Found a staircase to the Snake Pit.
 20164 | Lair:3   | Reached skill level 13 in Stealth
 20436 | Lair:4   | Reached skill level 1 in Transmutations
 20547 | Lair:4   | Identified the +3 leather armour of Ziox {rElec rN++ Dex-3}
 20662 | Lair:4   | Noticed Sonja
 21072 | Lair:4   | Killed Sonja
 21559 | Lair:6   | Entered Level 6 of the Lair of Beasts
 21573 | Lair:6   | Noticed a seven-headed hydra
 21694 | Lair:6   | Killed a seven-headed hydra
 21820 | Lair:6   | Found a gate leading to a gauntlet.
 21843 | Gauntlet | Entered a Gauntlet
 21843 | Gauntlet | Found a transporter.
 21843 | Gauntlet | Found a transporter.
 21847 | Gauntlet | Found a transporter.
 21847 | Gauntlet | Found a transporter.
 21850 | Gauntlet | Found a transporter.
 21869 | Gauntlet | Found a transporter.
 21954 | Lair:6   | Found a staircase to the Slime Pits.
 22812 | Lair:5   | Noticed a death yak
 22812 | Lair:5   | Noticed a death yak
 22814 | Lair:5   | Noticed a death yak
 22814 | Lair:5   | Noticed an eight-headed hydra
 22849 | Lair:5   | Killed a death yak
 22852 | Lair:5   | Killed a death yak
 22929 | Lair:5   | Noticed a death yak
 22957 | Lair:5   | Noticed a death yak
 22976 | Lair:5   | Killed a death yak
 22977 | Lair:5   | Reached XP level 13. HP: 63/63 MP: 1/28
 24138 | Lair:5   | Found a blossoming altar of Fedhas.
 25314 | D:11     | Identified the amulet "Leiropudoe" {Spirit rPois rCorr
                  | Int+2 Stlth+}
 25339 | D:11     | Reached skill level 14 in Stealth
 25637 | D:11     | Noticed Rademme's ghost (journeyman GnFi)
 25638 | D:11     | Noticed a lich
 25660 | D:11     | Found a runed translucent door.
 25661 | D:11     | Noticed a tengu reaver
 25664 | D:11     | Found a runed translucent door.
 25675 | D:11     | Noticed Erica
 25676 | D:11     | Noticed a fire giant
 25727 | D:11     | Killed Erica
 25879 | D:11     | Killed Urug
 25880 | D:11     | Reached skill level 1 in Conjurations
 26086 | D:12     | Learned a level 3 spell: Mephitic Cloud
 26305 | Orc:2    | Reached skill level 5 in Transmutations
 26704 | Swamp:1  | Entered Level 1 of the Swamp
 26704 | Swamp:1  | Noticed a bunyip
 26706 | Swamp:1  | Killed a bunyip
 26707 | Swamp:1  | Reached skill level 1 in Air Magic
 26877 | Swamp:1  | Reached skill level 10 in Dodging
 27999 | Swamp:1  | Noticed a bunyip
 28089 | Snake:1  | Entered Level 1 of the Snake Pit
 29995 | Lair:6   | Reached XP level 14. HP: 41/69 MP: 1/30
 31694 | Lair:6   | Reached skill level 15 in Stealth
 32845 | Swamp:1  | Reached skill level 5 in Fire Magic
 33622 | Orc:1    | Learned a level 5 spell: Alistair's Intoxication
 34595 | Orc:2    | Found a staircase to the Elven Halls.
 35569 | Orc:2    | Noticed Blork the orc
 35602 | Orc:2    | Reached skill level 1 in Hexes
 36222 | Orc:2    | Killed Blork the orc
 36224 | Orc:2    | Noticed Saint Roka
 36360 | Orc:2    | Killed Saint Roka
 36361 | Orc:2    | Reached skill level 10 in Poison Magic
 36727 | Orc:2    | Found Zof Qupt's Antique Weapon Shoppe.
 36730 | Orc:2    | Found Umuick's General Store.
 36801 | Orc:2    | Found Waxzao's Antique Armour Shoppe.
 36812 | Orc:2    | Bought a faintly glowing dagger for 147 gold pieces
 36812 | Orc:2    | Identified the +9 dagger "Paasmacs" {protect, rElec rF-
                  | rCorr} (You bought it in a shop on level 2 of the Orcish
                  | Mines)
 36812 | Orc:2    | Bought a runed short sword for 126 gold pieces
 36948 | Orc:2    | Bought a potion of heal wounds for 60 gold pieces
 36948 | Orc:2    | Bought a potion of heal wounds for 60 gold pieces
 36948 | Orc:2    | Bought a scroll of teleportation for 36 gold pieces
 36965 | Orc:2    | Found Bobiptal's Jewellery Shoppe.
 37714 | D:6      | Killed Maggie
 37778 | D:6      | Killed Pikel
 37977 | D:6      | Found a hazy altar of Hepliaklqana.
 38180 | D:6      | Killed Crazy Yiuf
 39063 | D:11     | Killed a fire giant
 39114 | D:11     | Reached XP level 15. HP: 63/74 MP: 22/32
 39405 | D:11     | Killed a tengu reaver
 39713 | D:10     | Learned a level 4 spell: Iskenderun's Mystic Blast
 40281 | D:11     | Learned a level 4 spell: Fulminant Prism
 40343 | D:11     | Killed Rademme's ghost
 41978 | D:12     | Noticed Josephine
 41980 | D:12     | Killed Josephine
 42176 | D:12     | Identified the +11 whip "Resuoget" {spect, Str+3}
 42392 | D:12     | Reached skill level 16 in Stealth
 42581 | D:12     | Reached skill level 5 in Air Magic
 43492 | D:14     | Identified a scroll of acquirement
 43496 | D:14     | Acquired the +2 cloak of Kiorghudo {rElec}
 44262 | D:13     | Identified the +1 robe "Teoxoo" {Str-2 Int+8}
 44947 | D:13     | Learned a level 2 spell: Ensorcelled Hibernation
 45790 | D:12     | Reached skill level 5 in Hexes
 45790 | D:12     | Reached skill level 1 in Ice Magic
 49770 | Swamp:3  | Identified the +2 robe "Asiapunu" {Dex+7 Stlth+}
 50393 | Swamp:3  | Noticed a fenstrider witch
 50410 | Swamp:3  | Killed a fenstrider witch
 50496 | Swamp:4  | Entered Level 4 of the Swamp
 50792 | Swamp:4  | Reached XP level 16. HP: 80/80 MP: 30/33
 51382 | Elf:1    | Entered Level 1 of the Elven Halls
 51479 | Elf:1    | Found a shimmering blue altar of Sif Muna.
 52710 | Snake:1  | Found Oroaghyc's Distillery.
 52716 | Snake:1  | Bought a potion of berserk rage for 80 gold pieces
 52716 | Snake:1  | Bought a potion of curing for 48 gold pieces
 52777 | Snake:1  | Found Tanumomo's Antique Weapon Emporium.
 52817 | Lair:4   | Reached skill level 10 in Translocations
 53879 | D:14     | Reached skill level 17 in Stealth
 54190 | D:14     | Found a gate to the Vaults.
 54551 | D:15     | Entered Level 15 of the Dungeon
 54674 | D:15     | Found a staircase to the Depths.
 55546 | D:14     | Reached skill level 5 in Conjurations
 56495 | Depths:1 | Entered Level 1 of the Depths
 57714 | Snake:1  | Found Yrant's Antique Weapon Shoppe.
 57723 | Snake:1  | Bought a glowing rapier for 217 gold pieces
 58003 | Snake:1  | Found Yxzuplai's Armour Emporium.
 58081 | Snake:1  | Found Wuysi's Armour Emporium.
 58089 | Snake:1  | Bought the +5 cloak of the Lily {rElec} for 739 gold pieces
 59178 | Snake:2  | Reached skill level 18 in Stealth
 59881 | Snake:2  | Found Yryuk's Assorted Antiques.
 59896 | Snake:2  | Bought a potion of haste for 390 gold pieces
 60552 | Snake:3  | Acquired the amulet of Zariepne {rPois Will+ Regen+ rCorr
                  | Dex+2}
 60590 | Snake:3  | Found Uxaumn's Magic Scroll Boutique.
 60611 | Snake:3  | Found a frozen archway.
 61211 | IceCv    | Entered an ice cave
 61831 | IceCv    | Noticed an Ice Fiend
 62276 | Snake:3  | Reached XP level 17. HP: 84/84 MP: 32/35
 62286 | Snake:3  | Reached skill level 5 in Evocations
 63563 | Snake:3  | Bought a scroll of fear for 63 gold pieces
 63563 | Snake:3  | Bought a scroll of magic mapping for 63 gold pieces
 63563 | Snake:3  | Bought 3 scrolls of teleportation for 162 gold pieces
 64094 | Snake:3  | Identified the +8 dagger "Conservator" {holy, rElec rCorr}
 64272 | Snake:4  | Entered Level 4 of the Snake Pit
 64588 | Snake:3  | Reached skill level 19 in Stealth
 68113 | Snake:4  | Acquired 911 gold pieces
 69190 | Snake:4  | Reached skill level 10 in Evocations
 69870 | Elf:1    | Paralysed by an air elemental for 1 turns
 70049 | Elf:1    | Reached XP level 18. HP: 86/91 MP: 29/37
 70267 | Elf:1    | Learned a level 3 spell: Tukima's Dance
 71675 | Elf:1    | Reached skill level 20 in Stealth
 71821 | Elf:1    | Paralysed by an air elemental for 1 turns
 72049 | Elf:1    | Found Echenyo's Book Shoppe.
 72449 | Elf:2    | Paralysed by an air elemental for 1 turns
 72452 | Elf:2    | Found a runed translucent gate.
 72558 | Elf:2    | Found a runed translucent gate.
 72559 | Elf:2    | Found a runed translucent gate.
 72744 | Elf:2    | Found Bumud's Antique Weapon Shoppe.
 72748 | Elf:2    | Bought a glowing rapier for 126 gold pieces
 74650 | Elf:1    | Bought Ozocubu's Autobiography for 384 gold pieces
 74654 | Elf:1    | Learned a level 3 spell: Ozocubu's Armour
 74999 | Snake:3  | Reached skill level 10 in Hexes
 75333 | Snake:4  | Reached skill level 15 in Translocations
 75489 | Snake:3  | Learned a level 3 spell: Lesser Beckoning
 77820 | Snake:4  | Reached skill level 15 in Spellcasting
 77956 | Snake:4  | Got a serpentine rune of Zot
 78446 | Vaults:1 | Entered Level 1 of the Vaults
 78822 | Vaults:1 | Found a crumbling gateway.
 78929 | Desolati | Entered the Desolation of Salt
 79183 | Desolati | Identified the +0 cloak "Juduolem" {Contam rF+ rC- Str+8}
 80222 | D:14     | Learned a level 6 spell: Dispersal
 81022 | Vaults:3 | Found Muox's Distillery.
 81028 | Vaults:3 | Found Ochuqo's Assorted Antiques.
 81029 | Vaults:3 | Bought a potion of might for 76 gold pieces
 81029 | Vaults:3 | Bought a potion of invisibility for 152 gold pieces
 81029 | Vaults:3 | Bought a potion of magic for 152 gold pieces
 81029 | Vaults:3 | Bought a potion of might for 76 gold pieces
 81029 | Vaults:3 | Bought a potion of heal wounds for 95 gold pieces
 81029 | Vaults:3 | Bought a potion of berserk rage for 95 gold pieces
 81029 | Vaults:3 | Bought a potion of haste for 190 gold pieces
 81029 | Vaults:3 | Bought a potion of heal wounds for 95 gold pieces
 81036 | Vaults:3 | Reached XP level 19. HP: 96/96 MP: 29/39
 82149 | Vaults:1 | Identified the +4 arbalest "Hyutetua" {freeze, rN+ Will+}
 82762 | Vaults:2 | Reached skill level 15 in Dodging
 82967 | Vaults:2 | You are sucked into a shaft and drop 2 floors!
 83237 | Vaults:3 | Found a staircase to the Crypt.
 83246 | Crypt:1  | Entered Level 1 of the Crypt
 83792 | Vaults:2 | Noticed Nikola
 83801 | Vaults:2 | Noticed Bai Suzhen
 84177 | Vaults:2 | Reached skill level 21 in Stealth
 84177 | Vaults:2 | Reached skill level 5 in Shields
 85723 | Vaults:3 | Identified the +1 robe "Kokeollo" {rF+++ Str+3 Int+4 Dex-4}
 86697 | Vaults:3 | Learned a level 2 spell: Blink
 87297 | Vaults:3 | Found Puisib's Book Emporium.
 87360 | Vaults:3 | Learned a level 5 spell: Manifold Assault
 87610 | Vaults:2 | Killed Nikola
 88074 | Vaults:3 | Reached skill level 10 in Fighting
 88380 | Vaults:3 | Reached XP level 20. HP: 102/102 MP: 12/41
 91636 | Elf:3    | Entered Level 3 of the Elven Halls
 91789 | Elf:3    | Paralysed by an air elemental for 1 turns
 91871 | Elf:3    | Killed from afar by a deep elf sorcerer

Illustrated notes

Levels and vault maps discovered:
D:1:      lightli_arrival_farm, layout_basic, kennysheep_small_spiral
D:2:      layout_loops_ring, ebering_ecumenical_altar_webs,
          nicolae_grassy_gnolls
D:3:      layout_rooms
D:4:      layout_loops_corners, temple_statues
D:5:      layout_loops_ring, nicolae_ossuary_entry_ruins
D:6:      wander_river, layout_loops_ring, mainiacjoe_overflow_alcove_2,
          mainiacjoe_overflow_big_doors, uniq_crazy_yiuf_cottage, uniq_maggie,
          uniq_pikel
D:7:      layout_rooms
D:8:      layout_cave_pools, nemelex_xobeh_ov_fountains_minmay,
          dpeg_oklobed_lair, serial_shops, shop, uniq_maurice, uniq_grum
D:9:      layout_irregular_city, corexii_leaking_fountain
D:10:     layout_basic, enter_trove_3, minmay_misc_feat_more_columns
D:11:     layout_roguey, david_orc_2, muffindrake_ghost_dual_entry, uniq_urug,
          uniq_erica
D:12:     minmay_cut_squares, layout_basic, minmay_diced_spiral, uniq_josephine
D:13:     layout_loops_cross
D:14:     layout_basic, skrybe_vaults_entry_preservation, kennysheep_donut
D:15:     gammafunk_depths_entry_grave, layout_rooms, minmay_misc_feat_tiny
Lair:1:   minmay_lair_oklob_chamber, layout_gridlike, uniq_gastronok,
          uniq_prince_ribbit2
Lair:2:   layout_chaotic_city, minmay_shattered_shrine
Lair:3:   layout_roguey, minmay_swamp_entry_wisps
Lair:4:   layout_layer_cave, guppyfry_snake_entry_garden,
          chequers_serial_rivers_small_b, lemuel_fruit_tree, uniq_sonja
Lair:5:   layout_regular_city, tgw_fedhas
Lair:6:   evilmike_catoblepas_cave, layout_regular_city,
          minmay_slime_entry_pillars, gauntlet_entry_generic,
          nicolae_quartered_pool_super, lemuel_fruit_fields
Swamp:1:  nicolae_swamp_ascending_descending, layout_basic_swamp,
          evilmike_swamp_ruin_house_5
Swamp:2:  layout_basic_swamp, evilmike_swamp_ruin_house_2, swamp_pool5
Swamp:3:  layout_falls_marsh, evilmike_swamp_ruin_rubble_2,
          infiniplex_staircase_pool_2
Swamp:4:  swamp_basic_johnstein, layout_basic_swamp
Snake:1:  layout_honeycomb, serial_shops, shop_statue, shop, shop_fountains,
          nicolae_shop_hallway_plus, shop, serial_bayou_crossing
Snake:2:  layout_basic, serial_shops, shop_coins, grunt_ministairs_15,
          nicolae_snake_gridmaze_spiral, serial_bayou_shore_a
Snake:3:  layout_rooms, serial_shops, nicolae_shop_waterfront,
          portal_ice_cave_entry_pillars_1
Snake:4:  minmay_snake_end_coiled, layout_cave_shapes,
          nicolae_snake_herptile_family_reunion
Orc:1:    layout_caves
Orc:2:    grunt_orc_cross, layout_diamond_mine, serial_shops, shop, basic_altar,
          library_closet, abandoned_shop
Elf:1:    eino_elf_arrival_sip, layout_loops_cross, serial_shops,
          nicolae_shop_temple_entry_statues_fountains, basic_altar,
          serial_glass, glass_columns_b, glass_columns_a, minivault_28
Elf:2:    nicolae_elf_blades_splatter_lattice
          [nicolae_blade_entry_crossed_weapons], layout_loops_cross,
          serial_shops, nicolae_shop_trees
Elf:3:    minmay_elf_hall_x, layout_onion_city
Vaults:1: portal_desolation_entry_nicolae_nacl, nicolae_vaults_yaktaur_gun_rack,
          v_misc_27, vaults_dpeg_cross, vaults_room_fancy_cross,
          hangedman_vaults_locks, grunt_vaults_funnel, v_misc_8,
          ontoclasm_vaults_decontamination, layout_vaults_chaotic_city
Vaults:2: ontoclasm_vaults_gateway, hangedman_vaults_pinch,
          nicolae_vaults_little_squares_2, ontoclasm_vaults_loading_screen,
          v_pattern_4, nicolae_vaults_gold_heap, layout_vaults_omnigrid,
          uniq_nikola, uniq_bai_suzhen
Vaults:3: nicolae_vaults_bisected_exclaves, v_alt_pattern_6,
          minmay_crypt_entry_nasty_monster, v_misc_14,
          nicolae_vaults_diagonal_hallway_6, nicolae_vaults_mini_display_case,
          nicolae_vaults_disjoint_gnomons, nicolae_vaults_asterisk,
          v_alt_pattern_5, v_misc_28, vaults_room_fancy_cross,
          ontoclasm_vaults_ring_small, vaults_room_large_hall,
          layout_vaults_omnibox, serial_shops, shop, nicolae_shop_waterfront,
          shop, uniq_margery
Vaults:4: hangedman_vaults_maws, dpeg_vaults_monster_row, nicolae_vaults_theta,
          grunt_vaults_diagonal, nicolae_vaults_quartermaster,
          nicolae_vaults_little_squares_3, ontoclasm_vaults_eye,
          vaults_mumra_hex, v_pattern_1, vaults_standard_mumra_x,
          nicolae_vaults_angled_halls, v_misc_16, serial_ice_m,
          layout_vaults_big_cross
Crypt:1:  layout_catacombs, minmay_strange_pillars
Depths:1: layout_gridville, rand_demon_pan_entry_3,
          nicolae_qazlal_style_of_elements, hell_entry, nicolae_lava_and_water,
          kennysheep_doodads, kennysheep_kite_vault, serial_bayou_shore_b,
          uniq_sojobo, uniq_asterion

Skill      XL: |  1  2  3  4  5  6  7  8  9 10 11 12 13 14 15 16 17 18 19 20 |
---------------+-------------------------------------------------------------+-----
Stealth        | 1 2 3 4 5 6 8 11 12 13 14 15 16 18 19 20 21 | 21.8
Spellcasting   | 2 3 4 5 6 8 9 10 11 12 13 14 15 16 | 16.5
Short Blades   | 4 5 6 7 8 9 10 11 12 13 | 13.7
Dodging        | 1 2 3 4 5 8 10 11 12 13 14 16 | 16.3
Fire Magic     | 3 4 5 |  5.0
Poison Magic   | 1 3 4 5 6 7 8 10 | 10.1
Translocations | 2 3 5 6 7 9 13 14 15 16 | 16.8
Fighting       | 3 4 5 6 7 8 9 10 | 10.3
Shields        | 1 3 4 5 6 |  6.0
Throwing       | 2 3 4 |  4.0
Evocations     | 1 3 4 10 | 10.4
Transmutations | 2 5 7 |  7.0
Conjurations   | 2 3 4 6 |  6.4
Air Magic      | 2 4 5 |  5.0
Hexes          | 2 6 8 10 11 | 11.9
Ice Magic      | 2 3 4 |  4.1

Action                   |  1- 3 |  4- 6 |  7- 9 | 10-12 | 13-15 | 16-18 | 19-21 || total
-------------------------+-------+-------+-------+-------+-------+-------+-------++-------
Melee: Short sword       |    55 |    36 |    35 |   129 |   648 |   292 |       ||  1195
       Punch             |     2 |       |       |       |       |       |       ||     2
       Rapier            |       |       |       |       |       |   598 |   460 ||  1058
Throw: Stone             |    41 |       |       |       |       |       |       ||    41
       Dart              |       |     2 |    10 |    47 |     6 |       |       ||    65
       Throwing net      |       |       |       |     1 |       |       |       ||     1
       Boomerang         |       |       |       |       |    11 |     6 |     2 ||    19
 Cast: Scorch            |    12 |    71 |   205 |   280 |   258 |   383 |    37 ||  1246
       Teleport Other    |       |       |     1 |     1 |    10 |     9 |       ||    21
       Olgreb's Toxic Ra |       |       |       |    53 |   176 |    27 |    35 ||   291
       Gell's Gravitas   |       |       |       |     2 |     5 |     3 |    44 ||    54
       Mephitic Cloud    |       |       |       |       |   122 |    87 |    95 ||   304
       Alistair's Intoxi |       |       |       |       |     1 |       |       ||     1
       Iskenderun's Myst |       |       |       |       |   127 |   293 |    77 ||   497
       Ensorcelled Hiber |       |       |       |       |    53 |   529 |   143 ||   725
       Fulminant Prism   |       |       |       |       |    15 |    15 |    11 ||    41
       Lesser Beckoning  |       |       |       |       |       |    18 |       ||    18
       Ozocubu's Armour  |       |       |       |       |       |    12 |     2 ||    14
       Tukima's Dance    |       |       |       |       |       |     2 |    53 ||    55
       Manifold Assault  |       |       |       |       |       |       |     8 ||     8
       Dispersal         |       |       |       |       |       |       |     4 ||     4
       Blink             |       |       |       |       |       |       |     5 ||     5
       Conjure Flame     |       |       |       |       |       |       |     2 ||     2
Invok: Fiery Armour      |       |       |       |       |       |     2 |     1 ||     3
       Rising Flame      |       |       |       |       |       |       |     1 ||     1
Evoke: Wand              |       |       |       |     7 |    20 |    32 |    14 ||    73
       Phantom mirror    |       |       |       |       |     4 |     2 |     1 ||     7
       Condenser vane    |       |       |       |       |     2 |     3 |     2 ||     7
       Phial of floods   |       |       |       |       |       |     3 |     2 ||     5
       Lightning rod     |       |       |       |       |       |       |     4 ||     4
  Use: Scroll            |     4 |     2 |    11 |     7 |    10 |    17 |    10 ||    61
       Potion            |       |       |     1 |       |     4 |     8 |     5 ||    18
 Stab: Sleeping          |     5 |     4 |     3 |    28 |    59 |   211 |    70 ||   380
       Distracted        |       |     1 |     1 |     1 |    10 |     1 |     1 ||    15
       Held in net/web   |       |       |       |     2 |       |       |       ||     2
       Confused          |       |       |       |       |    57 |    56 |    67 ||   180
       Petrifying        |       |       |       |       |     2 |       |       ||     2
       Paralysed         |       |       |       |       |       |       |     2 ||     2
Armor: Robe              |     2 |    11 |    31 |    30 |    83 |   254 |    72 ||   483
Dodge: Dodged            |    34 |    44 |   103 |   132 |   387 |  1048 |   413 ||  2161
Block: Buckler           |       |       |    15 |    30 |   137 |   367 |   127 ||   676
